 Dungeon Crawl Stone Soup version 0.31.0-2-g5a2aebc5c2 (webtiles) character file.

Game seed: 13481949260318983956

308 BigPumpCobain the Cudgeller (level 6, -4/49 HPs)
             Began as a Minotaur Fighter on Jan 20, 2024.
             Killed from afar by an electric eel (15 damage)
             ... with a bolt of electricity
             ... on level 3 of the Dungeon.
             The game lasted 00:03:48 (2638 turns).

BigPumpCobain the Cudgeller (Minotaur Fighter)      Turns: 2638, Time: 00:03:48

Health: -4/49      AC: 12    Str: 22    XL:     6   Next: 16%
Magic:  5/5        EV:  8    Int:  5    God:
Gold:   142        SH:  4    Dex: 10    Spells: 5/5 levels left

rFire   . . .        m - +10 hammer of Fortitude {flame, ^Contam Will++ SInv}
rCold   . . .        c - +0 buckler
rNeg    . . .        u - +0 chain mail
rPois   .            (helmet restricted)
rElec   .            n - +2 cloak {rCorr}
rCorr   +            (no gloves)
SInv    +            (no boots)
Will    ++...        (no amulet) Stlth
                     (no ring)
HPRegen 0.28/turn    (no ring)
MPRegen 0.09/turn

%: no passive effects
@: mighty
A: horns 2, retaliatory headbutt, frail 1
a: no special abilities


You were on level 3 of the Dungeon.
You visited 1 branch of the dungeon, and saw 3 of its levels.

You collected 142 gold pieces.

Inventory:

Hand Weapons
 a - a +0 flail
 m - the +10 hammer of Fortitude (weapon) {flame, ^Contam Will++ SInv}
   (You found it on level 2 of the Dungeon)

   Will++:    It greatly increases your willpower.
   SInv:      It lets you see invisible.
   ^Contam:   It causes magical contamination when unequipped.
Missiles
 l - 8 boomerangs (quivered)
Armour
 c - a +0 buckler (worn)
 n - a +2 cloak of preservation (worn)
 u - a +0 chain mail (worn)
Jewellery
 j - an amulet of magic regeneration
Wands
 p - a wand of flame (34)
 s - a wand of digging (5)
Scrolls
 e - 3 scrolls of identify {unknown}
 f - a scroll of vulnerability {unknown}
 g - a scroll of teleportation {unknown}
 i - 3 scrolls of noise {unknown}
 o - 2 scrolls of poison {unknown}
Potions
 h - a potion of mutation {unknown}
 k - 2 potions of curing
 q - a potion of attraction {unknown}
 r - a potion of ambrosia {unknown}
 t - a potion of heal wounds {unknown}


   Skills:
 + Level 4.8 Fighting
 * Level 5.0 Maces & Flails
 + Level 1.8 Throwing
 + Level 4.7 Armour
 + Level 4.8 Shields


You had 5 spell levels left.
You didn't know any spells.
Your spell library contained the following spells:

 Spells                   Type           Power      Damage    Failure   Level
 Summon Small Mammal      Summ           0%         N/A       98%         1
 Mercury Vapours          Alch/Air       0%         N/A       99%         2
 Call Canine Familiar     Summ           0%         N/A       100%        3
 Mephitic Cloud           Conj/Alch/Air  0%         N/A       100%        3
 Summon Blazeheart Golem  Fire/Summ      0%         N/A       100%        4
 Freezing Cloud           Conj/Ice/Air   0%         6-21      100%        5


Dungeon Overview and Level Annotations

Branches:
Dungeon (3/15)

Altars:

Annotations:
D:3 1 transporter


Innate Abilities, Weirdness & Mutations

You have a pair of horns on your head.
You reflexively headbutt those who attack you in melee.
You are frail. (-10% HP)


Message History

The bolt of electricity hits the plant!
The plant begins to die.
The bolt of electricity hits the plant.
You close the door.
You start resting.
A nearby plant withers and dies.
You start resting.
HP restored.
You open the door. You throw a boomerang.
The boomerang closely misses the electric eel.
The electric eel shoots out a bolt of lightning at you!
The bolt of electricity hits you! The bolt of electricity hits you.
You throw a boomerang.
The boomerang barely misses the electric eel.
The electric eel shoots out a bolt of lightning at you!
The bolt of electricity hits you! x2
As you close the door, it creaks loudly!
You start resting.
HP restored.
You feel very mighty all of a sudden.
You open the door.
The electric eel shoots out a bolt of lightning at you!
The bolt of electricity hits you! The bolt of electricity misses you.
The bolt of electricity hits the plant!
The plant begins to die.
There is an open door here.
The electric eel shoots out a bolt of lightning at you!
The bolt of electricity hits you!
The electric eel shoots out a bolt of lightning at you!
The bolt of electricity misses you.
The electric eel shoots out a bolt of lightning at you!
The bolt of electricity hits you.
The electric eel shoots out a bolt of lightning at you!
The bolt of electricity hits you.
A nearby plant withers and dies.
The electric eel shoots out a bolt of lightning at you!
The bolt of electricity hits you!
* * * LOW HITPOINT WARNING * * *
The electric eel shoots out a bolt of lightning at you!
The bolt of electricity hits you!
You die...

#..........##......##
#.###########....#..# #.#
#######.#
#.#################.#
##...................#
#...###############..##
#.#.#8P#~~~S~S~#~8#...#
#...#..#...$...#..#...#
#..©#©$+...@...'.©#©..#
##..#..#.......#..#...#
##.#8P#~~~~~~S#~8#.#.#
#.###############.#.####
#.................#....###
###################.......
#....... #....... #.......


You could see 3 electric eels.

Vanquished Creatures
  The ghost of MysticSailboat the Ruffian, an amateur TrFi (D:3)
  Crazy Yiuf (D:2)
  A sleepcap (D:3)
  Ijyb (D:3)
  An orc wizard (D:3)
  4 adders
  A dart slug (D:2)
  6 orcs (D:3)
  2 ball pythons (D:1)
  4 bats
  6 endoplasms
  3 giant cockroaches
  6 goblins
  5 hobgoblins
  5 jackals
  2 kobolds (D:3)
  6 quokkas
  2 frilled lizards
  8 rats
65 creatures vanquished.

Notes
Turn   | Place    | Note
-------+----------+-------------------------------------------
     0 | D:1      | BigPumpCobain the Minotaur Fighter began the quest for the
                  | Orb.
     0 | D:1      | Reached XP level 1. HP: 19/19 MP: 0/0
   156 | D:1      | Found a faded altar of an unknown god.
   179 | D:1      | Reached XP level 2. HP: 24/27 MP: 1/1
   322 | D:1      | Reached skill level 3 in Maces & Flails
   667 | D:2      | Reached XP level 3. HP: 28/33 MP: 2/2
  1401 | D:2      | Found a runed translucent door.
  1402 | D:2      | Noticed Crazy Yiuf
  1404 | D:2      | Identified the +10 hammer of Fortitude {flame, ^Contam
                  | Will++ SInv}
  1410 | D:2      | Killed Crazy Yiuf
  1411 | D:2      | Reached XP level 4. HP: 14/40 MP: 3/3
  1413 | D:2      | Identified the +3 hammer of the Radish {freeze, SInv}
  1560 | D:2      | Gained mutation: You are frail. (-10% HP) [mutagenic glow]
  1690 | D:3      | Noticed Ijyb
  1698 | D:3      | Killed Ijyb
  1699 | D:3      | Reached skill level 4 in Maces & Flails
  1730 | D:3      | Found a transporter.
  1750 | D:3      | Found a transporter.
  1779 | D:3      | Reached skill level 1 in Throwing
  1782 | D:3      | Reached XP level 5. HP: 42/42 MP: 4/4
  2084 | D:3      | Found a runed translucent door.
  2092 | D:3      | Noticed MysticSailboat's ghost (amateur TrFi)
  2253 | D:3      | Killed MysticSailboat's ghost
  2254 | D:3      | Reached skill level 5 in Maces & Flails
  2254 | D:3      | Reached XP level 6. HP: 29/47 MP: 5/5
  2638 | D:3      | Killed from afar by an electric eel

Illustrated notes

Levels and vault maps discovered:
D:1:      amcnicky_arrival_single_pillar, layout_basic,
          ebering_ecumenical_altar_mist
D:2:      minmay_angry_zag, layout_basic, minmay_misc_feat_doors,
          uniq_crazy_yiuf_cottage
D:3:      gammafunk_steamed_eel, layout_basic, ebering_ghost_sewer_d, uniq_ijyb

Skill      XL: |  1  2  3  4  5 |
---------------+----------------+-----
Maces & Flails | 3 4 5 |  5.0
Shields        | 4 |  4.8
Fighting       | 4 |  4.8
Armour         | 4 |  4.7
Throwing       | 1 |  1.8

Action                     |  1- 3 |  4- 6 || total
---------------------------+-------+-------++-------
  Melee: Flail             |    72 |       ||    72
         Headbutt          |     6 |       ||     6
         Mace              |     3 |    55 ||    58
  Throw: Boomerang         |     4 |    12 ||    16
    Use: Potion            |       |     2 ||     2
 Armour: Scale mail        |    38 |    43 ||    81
         Chain mail        |       |    14 ||    14
  Dodge: Dodged            |    33 |    33 ||    66
  Block: Buckler           |    23 |    20 ||    43
